 Dungeon Crawl Stone Soup version 0.30-a0-587-gfd7c166f36 (webtiles) character file.

Game seed: 11059705580753633165

60 Citaku the Covered (level 3, -1/33 HPs)
             Began as a Minotaur Fighter on Jan 4, 2023.
             Slain by a gnoll
             ... wielding a +0 spear
              (3 damage)
             ... on level 2 of the Dungeon.
             The game lasted 00:02:04 (1339 turns).

Citaku the Covered (Minotaur Fighter)               Turns: 1339, Time: 00:02:04

Health: -1/33      AC:  8    Str: 22    XL:     3   Next: 80%
Magic:  2/2        EV:  9    Int:  5    God:
Gold:   85         SH:  4    Dex:  9    Spells: 2/2 levels left

rFire   . . .      SeeInvis .    a - +0 war axe
rCold   . . .      Faith    .    c - +0 buckler
rNeg    . . .      Spirit   .    b - +0 scale mail
rPois   .          Reflect  .    (helmet restricted)
rElec   .          Harm     .    (no cloak)
rCorr   .          Rampage  .    m - +0 pair of gloves
Will    .....                    (no boots) Stlth
                                 (no amulet)
HPRegen 0.25/turn                f - ring of flight
MPRegen 0.08/turn                (no ring)

@: flying
A: horns 2, retaliatory headbutt
a: no special abilities


You were on level 2 of the Dungeon.
You visited 1 branch of the dungeon, and saw 2 of its levels.

You collected 85 gold pieces.

Inventory:

Hand Weapons
 a - a +0 war axe (weapon)
Armour
 b - a +0 scale mail (worn)
 c - a +0 buckler (worn)
 m - a +0 pair of gloves (worn)
Jewellery
 f - a ring of flight (left hand)
Scrolls
 e - a scroll of identify {unknown}
 g - 3 scrolls of amnesia {unknown}
 i - a scroll of blinking {unknown}
 j - a scroll of teleportation {unknown}
 k - a scroll of vulnerability {unknown}
 n - a scroll of poison {unknown}
Potions
 d - 2 potions of might
 h - a potion of flight {unknown}
 l - a potion of degeneration {unknown}
 o - a potion of curing {unknown}


   Skills:
 + Level 4.0 Fighting
 * Level 3.4 Axes
 * Level 4.5 Armour
 + Level 4.0 Shields


You had 2 spell levels left.
You didn't know any spells.
Your spell library contained the following spells:

 Spells                   Type           Power      Damage    Failure   Level
 Gell's Gravitas          Tloc           0%         N/A       99%         3
 Ignite Poison            Fire/Tmut/Pois 0%         N/A       99%         3
 Kindle Blastsparks       Fire/Tloc/Air  0%         2d10      99%         3
 Teleport Other           Tloc           0%         N/A       99%         3
 Freezing Cloud           Conj/Ice/Air   0%         6-21      100%        5
 Dispersal                Tloc           0%         N/A       100%        6


Dungeon Overview and Level Annotations

Branches:
Dungeon (2/15)

Altars:


Innate Abilities, Weirdness & Mutations

You have a pair of horns on your head.
You reflexively headbutt those who attack you in melee.


Message History

You kill the adder!
Your Shields skill increases to level 4!
You feel sick.
You see here an adder corpse.
You feel sick.
You feel sick.
You feel sick.
You feel sick.
You feel sick.
You are no longer poisoned.
g - 3 scrolls labelled XANEQU DUYTWEBBE (gained 1) 2 gnolls come into view.
The gnoll shouts!
You hear a shout!
A gnoll comes into view. It is wielding a +1 heavy halberd.
The gnoll hits you with a +0 halberd.
The gnoll hits you from afar with a +0 spear.
You slash the gnoll!
The gnoll is severely wounded.
The gnoll hits you with a +0 halberd.
The gnoll hits you from afar with a +0 spear.
You closely miss the gnoll.
The gnoll is severely wounded.
The gnoll hits you with a +0 halberd!
The gnoll hits you from afar with a +0 spear.
* * * LOW HITPOINT WARNING * * *
You barely miss the gnoll.
The gnoll is severely wounded.
The gnoll hits you but does no damage. You block the gnoll's attack.
The gnoll barely misses you. x2
You slash the gnoll!
You kill the gnoll!
The gnoll barely misses you. The gnoll misses you.
The gnoll hits you but does no damage.
You see here a +0 halberd.
You slash the gnoll!
The gnoll is almost dead.
The gnoll hits you with a +0 spear.
* * * LOW HITPOINT WARNING * * *
The gnoll closely misses you. The gnoll hits you with a +0 spear.
You die...

#### # # # #
###### .....#
## ####.#
#...######
####.###
#...gg@..#
#......#
#...####.#
#.##.#.# ##
#.#
#....#.#####.#
#.#
.>#..#.......#
##.##
#...##########
#...## ##.##
#....# ##(#
####### #....#
...# #.....#
####.#


You could see 2 gnolls.

Vanquished Creatures
  An adder (D:2)
  A gnoll (D:2)
  A worm (D:2)
  7 bats
  2 endoplasms (D:1)
  3 goblins
  5 hobgoblins
  2 kobolds (D:2)
  3 quokkas
  3 ball pythons
  2 frilled lizards
  8 rats
38 creatures vanquished.

Notes
Turn   | Place    | Note
-------+----------+-------------------------------------------
     0 | D:1      | Citaku the Minotaur Fighter began the quest for the Orb.
     0 | D:1      | Reached XP level 1. HP: 19/19 MP: 0/0
   148 | D:1      | Reached XP level 2. HP: 27/27 MP: 1/1
   271 | D:1      | Found a faded altar of an unknown god.
   771 | D:2      | Reached XP level 3. HP: 31/33 MP: 2/2
  1339 | D:2      | Slain by a gnoll

Illustrated notes

Levels and vault maps discovered:
D:1:      mrwooster_arrival_statue_2, layout_loops_ring,
          shapermc_ecumenical_altar_venn
D:2:      layout_loops_cross, kennysheep_generic_room_9

Skill      XL: |  1  2  3 |
---------------+----------+-----
Armour         | 4 |  4.5
Axes           | 3 |  3.4
Fighting       | 4 |  4.0
Shields        | 4 |  4.0

Action                   || total
-------------------------++-------
Melee: War axe           ||    84
       Headbutt          ||    11
Armor: Scale mail        ||    53
Dodge: Dodged            ||    59
Block: Buckler           ||    25

Table legend: (Time is in decaauts)
 A = Elapsed time spent in this place.
 B = Non-inter-level travel time spent in this place.
 C = Inter-level travel time spent in this place.
 D = Time resting spent in this place.
 E = Time spent auto-exploring this place.
 F = Levels seen in this place.
 G = Mean time per level.
                   A        B        C        D        E       F      G
               +--------+--------+--------+--------+--------+-----+--------+
         Total |   1370 |   1370 |      0 |      0 |   1020 |   2 |  685.0 |
       Dungeon |   1370 |   1370 |      0 |      0 |   1020 |   2 |  685.0 |
               +--------+--------+--------+--------+--------+-----+--------+

Top non-repeatable levels by time:
     D:1: 692 daAuts
     D:2: 678 daAuts
